 Dungeon Crawl Stone Soup version 0.21-a0-584-g185da8e (webtiles) character file.

6 Amnesiac the Insei (level 1, -1/14 HPs)
             Began as an Octopode Transmuter on Dec 20, 2017.
             Slain by an ooze (5 damage)
             ... on level 1 of the Dungeon.
             The game lasted 00:00:10 (41 turns).

Amnesiac the Insei (Octopode Transmuter)              Turns: 41, Time: 00:00:11

Health: -1/14      AC:  1    Str:  9    XL:     1   Next: 90%
Magic:  2/3        EV: 13    Int: 15    God:
Gold:   0          SH:  0    Dex: 12    Spells: 3/4 levels left

rFire    . . .     SeeInvis .     - Unarmed
rCold    . . .     Gourm    .   (no shield)
rNeg     . . .     Faith    .   (helmet restricted)
rPois    .         Spirit   .   (no amulet)
rElec    .         Reflect  .   (no ring)
rCorr    .         Harm     .   (no ring)
MR       .....                  (no ring)
Stlth    ++........             (no ring)
HPRegen  0.04/turn              (no ring)
MPRegen  0.08/turn              (no ring)
                                (no ring)
                                (no ring)

@: appendage (expiring)
A: almost no armour, stealthy swim, amphibious, 8 rings, constrict 8, tentacle
spike 3, camouflage 1, gelatinous body 1
a: End Transformation


You were on level 1 of the Dungeon.
You were not hungry.
One of your tentacles had a temporary spike.
You visited 1 branch of the dungeon, and saw 1 of its levels.

Inventory:

Missiles
 a - 12 arrows
Books
 b - a book of Changes

   Spells                             Type                      Level
   a - Beastly Appendage              Transmutation                1
   b - Sticks to Snakes               Transmutation                2
   c - Spider Form                    Transmutation/Poison         3
   d - Ice Form                       Ice/Transmutation            4
   e - Blade Hands                    Transmutation                5
Comestibles
 c - 2 rations
 d - 4 chunks of flesh


   Skills:
 + Level 1.9 Fighting
 - Level 2.0 Dodging
 - Level 3.0 Unarmed Combat
 - Level 2.0 Spellcasting
 - Level 2.0 Transmutations


You had 3 spell levels left.
You knew the following spells:

 Your Spells              Type           Power        Failure   Level  Hunger
a - Beastly Appendage     Tmut           #.....       10%         1    #......


Dungeon Overview and Level Annotations

Branches:
Dungeon (1/15)

Altars:


Innate Abilities, Weirdness & Mutations

You cannot wear most types of armour.
You are very stealthy in the water. (Stealth+)
You are amphibious.
You can wear up to eight rings at the same time.
You can use your tentacles to constrict eight enemies at once.
Your skin changes colour to match your surroundings (Stealth+).
Your rubbery body absorbs attacks. (AC +1, EV +1)
One of your tentacles bears a large vicious spike.


Message History

You butcher the ball python corpse.
d - 4 chunks of flesh 2 jackals come into view.
A jackal comes into view.
The jackal barks! x2
There are monsters nearby!
There are monsters nearby!
You closely miss the jackal.
You squeeze the jackal, but do no damage.
Your tentacle spike disappears.
The jackal bites you.
An ooze comes into view.
There are monsters nearby!
The ooze quivers.
You tentacle-slap the jackal.
The jackal is moderately wounded.
The jackal bites you.
The ooze moves out of view.
The jackal bites you.
There are monsters nearby!
You tentacle-slap the jackal.
You kill the jackal!
The jackal barely misses you.
There are monsters nearby!
You closely miss the jackal. The jackal bites you.
There are monsters nearby!
You tentacle-slap the jackal but do no damage.
The jackal closely misses you.
There are monsters nearby!
You tentacle-slap the jackal.
The jackal is severely wounded.
The jackal misses you.
Casting: Beastly Appendage
Confirm with . or Enter, or press ? or * to list all spells.
One of your tentacles grows a vicious spike.
The jackal bites you.
* * * LOW HITPOINT WARNING * * *
The jackal misses you.
You closely miss the jackal. You squeeze the jackal.
You kill the jackal!
You closely miss the jackal. You grab the jackal.
You constrict the jackal, but do no damage.
The jackal barely misses you.
You tentacle-slap the jackal.
The jackal is heavily wounded.
You constrict the jackal, but do no damage.
The jackal barely misses you. The jackal closely misses you.
You tentacle-slap the jackal but do no damage.
You pierce the jackal, but do no damage.
The jackal is heavily wounded.
You constrict the jackal, but do no damage.
The jackal bites you.
* * * LOW HITPOINT WARNING * * *
You are too injured to fight recklessly!
You tentacle-slap the jackal.
You kill the jackal!
You tentacle-slap the ooze.
You pierce the ooze.
The ooze is heavily wounded.
The ooze barely misses you.
You tentacle-slap the ooze but do no damage.
The ooze is heavily wounded.
Your transformation is almost over.
You tentacle-slap the ooze.
You pierce the ooze.
The ooze is almost dead.
The ooze hits you.
You die...

.......#.....##'##....
#####..#....##...## ..
#..#....#..<..#
#..#....##...##
#..#.....##+##
#..#.........
..>#..........
##.#########
#...@J......
#.####.....# #. .....
#. ...# .. ... .. #.
...


You could see an ooze.

Vanquished Creatures
  A ball python (D:1)
  3 jackals (D:1)
  A rat (D:1)
5 creatures vanquished.

Notes
Turn   | Place    | Note
-------+----------+-------------------------------------------
     0 | D:1      | Amnesiac the Octopode Transmuter began the quest for the Orb.
     0 | D:1      | Reached XP level 1. HP: 13/13 MP: 3/3
    41 | D:1      | Slain by an ooze

Vault maps used:
D:1:      dpeg_arrival_shelter

Action                   || total
-------------------------++-------
Melee: Unarmed           ||    16
       Kick              ||     4
       Constrict         ||     2
       Tentacles         ||     2
 Cast: Beastly Appendage ||     2
Dodge: Dodged            ||     8

Table legend:
 A = Spawn XP
 B = Non-spawn XP
 C = Spawn XP percentage of total XP
 D = Spawn monster count
 E = Non-spawn monster count
 F = Spawn count percentage of total count
 G = Total turns spent on level
                    A         B        C        D         E        F      G
               +---------+---------+-------+---------+---------+-------+---------
         Total |       0 |       9 |   0.0 |       0 |       5 |   0.0 |    41
               +---------+---------+-------+---------+---------+-------+---------
           D:1 |       0 |       9 |   0.0 |       0 |       5 |   0.0 |    41
               +---------+---------+-------+---------+---------+-------+---------
